 Dungeon Crawl Stone Soup version 0.30.1-9-gdf580d7c3d (webtiles) character file.

Game seed: 6703134495520383550

84973 tizbic2 the Destroyer (level 14, -26/114 (116) HPs)
             Began as a Demigod Conjurer on Oct 24, 2023.
             Killed from afar by Asterion (42 damage)
             ... with an orb of electricity
             ... on level 2 of the Spider Nest.
             The game lasted 02:30:32 (23952 turns).

tizbic2 the Destroyer (Demigod Conjurer)           Turns: 23952, Time: 02:30:33

HP:   -26/114 (116) AC: 21    Str: 14    XL:     14   Next: 97%
MP:   26/31         EV: 15    Int: 39    God:
Gold: 691           SH:  9    Dex: 14    Spells: 3/30 levels left

rFire   . . .        r - staff of cold
rCold   + . .        A - +3 buckler
rNeg    . . .        R - +3 leather armour {Will+}
rPois   +            h - +2 helmet
rElec   .            V - +1 cloak of Starlight {*Dazzle EV+4 Stlth--}
rCorr   .            C - +2 pair of gloves
SInv    +            l - +0 pair of boots
Will    ++...        m - amulet of magic regeneration Stlth
                     k - +4 ring of protection
HPRegen 0.39/turn    x - ring "Zoluv" {rPois Str+6 Int+3 Dex+2 SInv}
MPRegen 0.62/turn

%: no passive effects
@: lightly drained
A: high MP 1, forlorn, divine attributes
a: no special abilities


You were on level 2 of the Spider Nest.
You visited 4 branches of the dungeon, and saw 22 of its levels.
You also visited: Ossuary and Ice Cave.

You collected 2197 gold pieces.
You spent 1506 gold pieces at shops.

Inventory:

Hand Weapons
 w - a +3 longbow
Missiles
 f - 13 javelins
 Q - 3 boomerangs of dispersal
Armour
 h - a +2 helmet (worn)
 l - a +0 pair of boots (worn)
 u - a +2 leather armour of resistance
 A - a +3 buckler (worn)
 C - a +2 pair of gloves (worn)
 E - the +6 ring mail of Entesiu {rN++}
   (You bought it in a shop on level 3 of the Dungeon)

   rN:        It greatly protects you from negative energy.
 R - a +3 leather armour of willpower (worn)
 V - the +1 cloak of Starlight (worn) {*Dazzle EV+4 Stlth--}
   (You acquired it on level 1 of the Lair of Beasts)

   *Dazzle:   It may blind those who miss an attack against the wearer in melee
   combat.
   EV:        It affects your evasion (+4).
   Stlth:     It makes you much less stealthy.
 Y - a scarf of resistance
Magical Staves
 r - a staff of cold (weapon)
 L - a staff of air
Jewellery
 c - the ring of Tiny Xel {rElec MP+9 Dex+3}
   (You acquired it on level 2 of the Dungeon)

   [ring of magical power]

   Dex:       It affects your dexterity (+3).
   rElec:     It insulates you from electricity.
   MP:        It affects your magic capacity (+9).
 e - a ring of protection from fire
 k - a +4 ring of protection (left hand)
 m - an amulet of magic regeneration (around neck)
 x - the ring "Zoluv" (right hand) {rPois Str+6 Int+3 Dex+2 SInv}
   (You acquired it on level 3 of the Dungeon)

   [ring of strength]

   Str:       It affects your strength (+6).
   Int:       It affects your intelligence (+3).
   Dex:       It affects your dexterity (+2).
   rPois:     It protects you from poison.
   SInv:      It lets you see invisible.
 M - a ring of flight
 N - a ring of wizardry
 S - a ring of wizardry
Wands
 a - a wand of polymorph (8)
 i - a wand of flame (144)
 o - a wand of acid (13)
 F - a wand of mindburst (27)
 H - a wand of iceblast (62)
 I - a wand of charming (11)
Scrolls
 d - a scroll of fog
 n - 5 scrolls of identify
 s - 10 scrolls of teleportation
 v - 2 scrolls of vulnerability
 y - 2 scrolls of amnesia
 z - a scroll of blinking
 G - 2 scrolls of fear
 P - a scroll of magic mapping
 X - 5 scrolls of poison
 Z - 2 scrolls of enchant weapon
Potions
 b - a potion of magic
 g - 7 potions of haste
 j - 5 potions of flight
 p - 3 potions of might
 q - 4 potions of berserk rage
 D - a potion of ambrosia
 J - a potion of mutation
 K - 5 potions of curing
 O - 3 potions of cancellation
 U - a potion of attraction
 W - 2 potions of resistance
Miscellaneous
 t - a tin of tremorstones (2/2)
 B - a lightning rod (4/4)
 T - a phial of floods


   Skills:
 + Level 8.7 Fighting
 - Level 7.3 Ranged Weapons
 + Level 7.8 Armour
 - Level 2.1 Dodging
 - Level 1.8 Stealth
 + Level 8.3 Shields
 + Level 8.6 Spellcasting
 * Level 13.0 Conjurations
 + Level 7.6 Summonings
 - Level 3.5 Fire Magic
 * Level 6.9 Ice Magic
 - Level 3.0 Air Magic
 - Level 5.7 Earth Magic
 - Level 2.9 Evocations


You had 3 spell levels left.
You knew the following spells:

 Your Spells              Type           Power      Damage    Failure   Level
a - Magic Dart            Conj           100%       1d8       0%          1
b - Searing Ray           Conj           100%       2d8       1%          2
c - Iskenderun's Battles  Conj           87%        2d13      1%          5
d - Iskenderun's Mystic   Conj/Tloc      61%        2d13      2%          4
e - Freezing Cloud        Conj/Ice/Air   43%        6-21      4%          5
f - Spellforged Servitor  Conj/Summ      38%        N/A       38%         7
g - Frozen Ramparts       Ice            100%       1d16      1%          3

Your spell library contained the following spells:

 Spells                   Type           Power      Damage    Failure   Level
 Foxfire                  Conj/Fire      100%       2x1d9     1%          1
 Freeze                   Ice            100%       1d10      1%          1
 Call Canine Familiar     Summ           66%        N/A       1%          3
 Dazzling Flash           Conj/Hex       100%       N/A       1%          3
 Hailstorm                Conj/Ice       97%        3d19      1%          3
 Mephitic Cloud           Conj/Pois/Air  55%        N/A       1%          3
 Poisonous Vapours        Pois/Air       56%        N/A       2%          2
 Beastly Appendage        Tmut           32%        N/A       3%          1
 Wereblood                Tmut           16%        N/A       4%          2
 Ignite Poison            Fire/Tmut/Pois 25%        N/A       6%          3
 Portal Projectile        Hex/Tloc       32%        N/A       10%         3
 Spider Form              Tmut/Pois      16%        N/A       10%         3
 Tukima's Dance           Hex            16%        N/A       10%         3
 Sticky Flame             Conj/Fire      69%        2d8       1%          4
 Fulminant Prism          Conj/Hex       30%        3d15      2%          4
 Summon Lightning Spire   Summ/Air       55%        N/A       3%          4
 Fireball                 Conj/Fire      34%        3d14      3%          5
 Leda's Liquefaction      Hex/Erth       19%        N/A       10%         4
 Iron Shot                Conj/Erth      37%        9d7       11%         6
 Starburst                Conj/Fire      34%        6d10      17%         6
 Passage of Golubria      Tloc           16%        N/A       32%         4
 Blade Hands              Tmut           8%         N/A       67%         5
 Yara's Violent Unravell  Hex/Tmut       8%         3d5       67%         5
 Simulacrum               Ice/Necr       30%        N/A       77%         6
 Plasma Beam              Fire/Air       21%        2x1d36    78%         6
 Ozocubu's Refrigeration  Ice            41%        4d16      85%         7
 Storm Form               Tmut/Air       14%        N/A       100%        7
 Ignition                 Fire           22%        3d8       100%        8
 Maxwell's Capacitive Co  Air            20%        ∞         100%        8
 Chain Lightning          Conj/Air       34%        3d45      100%        9
 Fire Storm               Conj/Fire      34%        8d9       100%        9
 Polar Vortex             Ice            41%        N/A       100%        9
 Shatter                  Erth           28%        3d24*     100%        9


Dungeon Overview and Level Annotations

Branches:
Dungeon (13/15)            Temple (0/1) D:5            Lair (5/5) D:8
  Swamp (0/4) Lair:3       Spider (2/4) Lair:2        Slime (0/5) Lair:5
    Orc (2/2) D:9             Elf (0/3) Orc:2       Ossuary (visited)
  IceCv (visited)
 Vaults: D:13-14

Shops:
D:2 *   D:3 (*   Orc:2 ([(:

Annotations:
Spider:2 Asterion


Innate Abilities, Weirdness & Mutations

You have an increased reservoir of magic. (+10% MP)
You shall have no god before yourself.
Your divine heritage dramatically boosts your attributes as you level up.


Message History

You block Asterion's attack.
Unknown command.
Aiming: Mindburst
Press: ? - help, Shift-Dir - straight line, f/p - Asterion
Aim: Asterion, wielding a +0 spectral morningstar, wearing a +1 scale mail of cold resistance and wearing the +5 kite shield of the Wasteland {rPois} (heavily wounded, fast, chance to affect: 13%)
Okay, then.
Aiming: Polymorph
Press: ? - help, Shift-Dir - straight line, f/p - Asterion
Aim: Asterion, wielding a +0 spectral morningstar, wearing a +1 scale mail of cold resistance and wearing the +5 kite shield of the Wasteland {rPois} (heavily wounded, fast, will become an azure jelly, a death yak, or a dire elephant, chance to affect: 4%)
Okay, then.
Okay, then.
Unknown command.
Casting: Searing Ray (safe; 1% risk of failure)
Confirm with . or Enter, or press ? or * to list all spells.
Aiming: Searing Ray (safe; 1% risk of failure)
Press: ? - help, Shift-Dir - straight line, f/p - Asterion
Aim: Asterion, wielding a +0 spectral morningstar, wearing a +1 scale mail of cold resistance and wearing the +5 kite shield of the Wasteland {rPois} (heavily wounded, fast, 100% to hit)
The searing ray hits Asterion but does no damage.
Asterion is heavily wounded. (Press . to maintain the ray.)
Your battlesphere wavers and loses cohesion.
You block Asterion's attack. The +0 spectral morningstar hits you!
Asterion gores you.
Asterion hits you with a +0 spectral morningstar!!
The +0 spectral morningstar hits you. Asterion closely misses you.
Okay, then.
Blink to where?
Press: ? - help, Dir - move target, p - Asterion
As you read the scroll of blinking, it crumbles to dust.
Asterion conjures a destructive force in the name of Makhleb!
The fireball explodes!
The fireball engulfs you!!
* * * LOW HITPOINT WARNING * * *
The +0 spectral morningstar is engulfed in freezing vapours.
Asterion shares his spectral weapon's damage!
The +0 spectral morningstar disappears.
Asterion is engulfed in freezing vapours.
Asterion is engulfed in freezing vapours.
Asterion conjures a destructive force in the name of Makhleb!
The orb of electricity explodes!
The orb of electricity engulfs you!!!
You die...

#.....)^# ## #########.....#
.#####.#<....##..###
..##.#........##..###
..#........####...#.###
.........###......#...##
†..>..####...^.........##
.......................^#
.....#..........@.....#.#
.#.######.......#^....###).#
#### ##....####........#
###### ##......#####
#...####...# ##.H.......#
#..§§§...## #..§§§§...#
##......###


You could see Asterion (fast).

Vanquished Creatures
  Arachne (Spider:2)
  Agnes (Spider:1)
  A reaper (IceCv)
  A broodmother (Spider:1)
  A minotaur (Lair:1)
  The ghost of turdburglar the Blocker, a journeyman GnWn of Cheibriados (Lair:1)
  The ghost of booth the Cleaver, a journeyman DrMo of Hepliaklqana (D:9)
  2 hydras
  A jorogumo (Spider:1)
  4 boulder beetles
  A radroach (Spider:2)
  3 catoblepae (Lair:5)
  2 two-headed ogres
  7 death yaks (Lair:5)
  3 orc high priests (Orc:2)
  2 sun moths
  2 skysharks
  An orb spider (Spider:1)
  2 bog bodies (Lair:3)
  4 orc sorcerers (Orc:2)
  4 orc knights (Orc:2)
  2 ugly things
  8 wolf spiders
  2 cyclopes
  2 manticores (Lair:5)
  6 elephants (Lair:5)
  Maurice (D:7)
  An ice statue (IceCv)
  11 black mambas
  4 demonic crawlers
  A torpor snail (Lair:3)
  14 cane toads
  5 komodo dragons
  An unseen horror (D:10)
  3 rime drakes
  9 trolls
  2 hornets
  4 polar bears
  A tarantella (Spider:1)
  11 blink frogs
  7 dream sheep (Lair:5)
  11 jumping spiders
  3 shadows
  Sigmund (D:5)
  11 culicivoras
  4 wyverns
  4 basilisks
  A vampire (D:11)
  4 wraiths
  64 yaks
  A steam dragon (D:6)
  19 redbacks
  3 death yak simulacra
  A swamp worm (Lair:2)
  2 harpy simulacra (IceCv)
  7 wargs
  2 acid dragons (D:12)
  16 water moccasins
  A hydra simulacrum (IceCv)
  Pargi (D:4)
  22 orc warriors
  17 ogres
  A black bear (D:6)
  3 centaurs
  20 wolves
  2 phantoms
  4 kobold brigands
  13 bullfrogs
  4 gnoll sergeants (D:9)
  5 two-headed ogre simulacra (IceCv)
  2 cane toad simulacra (IceCv)
  14 wights
  2 elephant simulacra
  6 killer bees
  7 electric eels
  2 howler monkeys (D:9)
  7 jellies
  3 hounds
  2 gnoll boudas
  17 orc priests
  5 hell rats (Lair:2)
  4 iguanas
  22 orc wizards
  2 sleepcaps
  2 spriggan simulacra (IceCv)
  Terence (D:2)
  4 polar bear simulacra (IceCv)
  A statue (D:9)
  8 troll simulacra (IceCv)
  2 wolf simulacra (IceCv)
  A mummy (D:4)
  7 adders
  24 gnolls
  6 naga simulacra (IceCv)
  A shadow imp (D:6)
  14 white imps
  4 ufetubi (IceCv)
  An adder zombie (Ossuary)
  2 worms (D:2)
  65 orcs
  2 bats
  6 endoplasms
  3 giant cockroaches
  3 goblins
  7 hobgoblins
  A quokka (D:3)
  9 ball pythons
  2 frilled lizards
  A hobgoblin skeleton (Ossuary)
  2 hobgoblin zombies (Ossuary)
  11 kobolds
  2 kobold zombies (Ossuary)
  An orc skeleton (Ossuary)
  An orc zombie (Ossuary)
  5 rats (D:1)
681 creatures vanquished.

Notes
Turn   | Place    | Note
-------+----------+-------------------------------------------
     0 | D:1      | tizbic2 the Demigod Conjurer began the quest for the Orb.
     0 | D:1      | Reached XP level 1. HP: 14/14 MP: 5/5
   369 | D:1      | Reached XP level 2. HP: 13/20 MP: 4/7
   373 | D:1      | Learned a level 2 spell: Searing Ray
  1013 | D:2      | Found Kyamour's General Store.
  1030 | D:2      | Reached XP level 3. HP: 21/26 MP: 2/9
  1088 | D:2      | Bought a +0 sling for 16 gold pieces
  1120 | D:2      | Identified 2 scrolls of acquirement
  1120 | D:2      | Acquired a book of Power
  1128 | D:2      | Acquired the ring of Tiny Xel {rElec MP+9 Dex+3}
  1392 | D:2      | Noticed Terence
  1398 | D:2      | Killed Terence
  1399 | D:2      | Reached skill level 4 in Conjurations
  1635 | D:3      | Reached XP level 4. HP: 33/34 MP: 11/11
  1639 | D:3      | Reached skill level 1 in Fighting
  1780 | D:3      | Reached skill level 1 in Armour
  2253 | D:3      | Acquired the ring "Zoluv" {rPois Str+6 Int+3 Dex+2 SInv}
  2268 | D:3      | Found Fimajyn's General Store.
  2361 | D:3      | Found Roush's Antique Weapon Shoppe.
  2686 | D:3      | Reached XP level 5. HP: 17/40 MP: 12/12
  2860 | D:4      | Reached skill level 1 in Ranged Weapons
  2941 | D:4      | Noticed Pargi
  2966 | D:4      | Killed Pargi
  2967 | D:4      | Reached XP level 6. HP: 29/48 MP: 10/14
  3043 | D:4      | Learned a level 5 spell: Iskenderun's Battlesphere
  3180 | D:4      | Found a sand-covered staircase.
  3191 | Ossuary  | Entered an ossuary
  3248 | Ossuary  | Reached skill level 5 in Conjurations
  3415 | Ossuary  | Noticed a wraith
  3415 | Ossuary  | Noticed a flying skull
  3426 | Ossuary  | Noticed a flying skull
  3428 | Ossuary  | Noticed a flying skull
  3449 | Ossuary  | Noticed a flying skull
  3454 | Ossuary  | Noticed a wraith
  3488 | Ossuary  | Killed a wraith
  3489 | Ossuary  | Reached XP level 7. HP: 33/56 MP: 12/15
  3588 | Ossuary  | Noticed a wraith
  3594 | Ossuary  | Killed a wraith
  4065 | D:5      | Entered Level 5 of the Dungeon
  4265 | D:5      | Noticed Sigmund
  4408 | D:5      | Reached skill level 6 in Conjurations
  4408 | D:5      | Reached XP level 8. HP: 63/63 MP: 17/17
  4513 | D:5      | Found a staircase to the Ecumenical Temple.
  4755 | D:5      | Killed Sigmund
  4862 | D:2      | Bought a +3 leather armour of willpower for 264 gold pieces
  5183 | D:6      | Reached skill level 5 in Ranged Weapons
  5402 | D:6      | Reached skill level 7 in Conjurations
  5616 | D:6      | Reached XP level 9. HP: 71/71 MP: 19/19
  6375 | D:7      | Reached skill level 5 in Spellcasting
  6851 | D:7      | Reached skill level 1 in Shields
  6931 | D:7      | Learned a level 3 spell: Dazzling Flash
  7340 | D:8      | Reached skill level 8 in Conjurations
  7515 | D:7      | Reached XP level 10. HP: 21/80 MP: 17/21
  7738 | D:8      | Noticed Maurice
  7753 | D:7      | Killed Maurice
  7901 | D:8      | Reached skill level 5 in Fighting
  7933 | D:8      | Found a staircase to the Lair.
  8032 | D:8      | Reached skill level 5 in Armour
  8277 | D:9      | Noticed a two-headed ogre
  8284 | D:9      | Killed a two-headed ogre
  8768 | D:9      | Found a runed translucent door.
  8768 | D:9      | Noticed booth's ghost (journeyman DrMo)
  8790 | D:9      | Killed booth's ghost
  8791 | D:9      | Reached skill level 9 in Conjurations
  8791 | D:9      | Reached skill level 1 in Summonings
  8808 | D:9      | Learned a level 4 spell: Iskenderun's Mystic Blast
  8945 | D:9      | Found a staircase to the Orcish Mines.
  8982 | D:9      | Reached skill level 5 in Shields
  9265 | D:9      | Reached XP level 11. HP: 89/89 MP: 20/24
  9534 | D:10     | Entered Level 10 of the Dungeon
  9547 | D:10     | Reached skill level 1 in Air Magic
  9707 | D:10     | Noticed a two-headed ogre
  9721 | D:10     | Killed a two-headed ogre
  9876 | D:10     | Reached skill level 1 in Ice Magic
  9876 | D:10     | Reached skill level 1 in Earth Magic
 10312 | D:11     | Learned a level 5 spell: Freezing Cloud
 11561 | D:12     | Noticed a boulder beetle
 11575 | D:12     | Killed a boulder beetle
 11771 | D:13     | Noticed a deep elf pyromancer
 11771 | D:13     | Noticed a centaur warrior
 11902 | Lair:1   | Entered Level 1 of the Lair of Beasts
 12122 | Lair:1   | Acquired the +1 cloak of Starlight {*Dazzle EV+4 Stlth--}
 12122 | Lair:1   | Found the +1 cloak of Starlight {*Dazzle EV+4 Stlth--}
 12143 | Lair:1   | Learned a level 6 spell: Iron Shot
 12190 | Lair:1   | Reached skill level 10 in Conjurations
 12397 | Lair:1   | Noticed a minotaur
 12397 | Lair:1   | Noticed turdburglar's ghost (journeyman GnWn)
 12409 | Lair:1   | Reached skill level 1 in Evocations
 12503 | Lair:1   | Found a runed translucent gate.
 12503 | Lair:1   | Found a runed translucent gate.
 12507 | Lair:1   | Found a runed translucent gate.
 12696 | Lair:1   | Killed a minotaur
 12812 | Lair:1   | Killed turdburglar's ghost
 12813 | Lair:1   | Reached XP level 12. HP: 58/97 MP: 11/26
 12818 | Lair:1   | Identified the +1 mace "Xooh" {flame, rPois Str+5}
 12997 | Lair:2   | Reached skill level 1 in Fire Magic
 13340 | Lair:2   | Found a hole to the Spider Nest.
 13498 | Lair:2   | Noticed a boulder beetle
 13525 | Lair:2   | Killed a boulder beetle
 13927 | D:3      | Bought the +6 ring mail of Entesiu {rN++} for 566 gold
                  | pieces
 14479 | Lair:3   | Noticed a four-headed hydra
 14484 | Lair:3   | Killed a four-headed hydra
 14746 | Lair:3   | Found a staircase to the Swamp.
 14972 | Lair:3   | Noticed a boulder beetle
 14978 | Lair:3   | Reached skill level 5 in Earth Magic
 14979 | Lair:3   | Killed a boulder beetle
 15170 | Lair:3   | Identified the +0 cloak of Ryrutu {Stlth+}
 15177 | Lair:3   | Reached skill level 11 in Conjurations
 15306 | Lair:3   | Reached XP level 13. HP: 96/105 MP: 20/28
 15966 | Lair:4   | Found a frozen archway.
 16128 | IceCv    | Entered an ice cave
 16618 | IceCv    | Noticed a reaper
 16661 | IceCv    | Killed a reaper
 16853 | IceCv    | Reached skill level 5 in Summonings
 18127 | Lair:4   | Learned a level 7 spell: Spellforged Servitor
 18506 | Lair:5   | Entered Level 5 of the Lair of Beasts
 18561 | Lair:5   | Found a staircase to the Slime Pits.
 19450 | Lair:5   | Reached skill level 12 in Conjurations
 19450 | Lair:5   | Reached XP level 14. HP: 108/115 MP: 16/30
 19571 | Lair:5   | Reached skill level 5 in Ice Magic
 19812 | Lair:5   | Identified the +7 short sword "Hyawkonoi" {drain, Str+7}
 20502 | Orc:1    | Entered Level 1 of the Orcish Mines
 20679 | Orc:2    | Entered Level 2 of the Orcish Mines
 20760 | Orc:2    | Found a staircase to the Elven Halls.
 21091 | Orc:2    | Paralysed by an orc sorcerer for 4 turns
 21163 | Orc:2    | Found Yfievvo's Antique Armour Boutique.
 21369 | Orc:2    | Found Faonwy's Book Shoppe.
 21481 | Orc:2    | Found Nosikamp's Antique Weapon Shoppe.
 21483 | Orc:2    | Found Uxzuacs's Antique Weapon Boutique.
 21528 | Orc:2    | Bought a book of the Sky for 660 gold pieces
 22032 | Lair:2   | Learned a level 3 spell: Frozen Ramparts
 22033 | Spider:1 | Entered Level 1 of the Spider Nest
 22142 | Spider:1 | Noticed a broodmother
 22148 | Spider:1 | Killed a broodmother
 22175 | Spider:1 | Noticed Agnes
 22188 | Spider:1 | Killed Agnes
 23611 | Spider:2 | Identified the +5 kite shield of the Wasteland {rPois}
 23611 | Spider:2 | Noticed Asterion
 23876 | Spider:2 | Noticed Arachne
 23885 | Spider:2 | Killed Arachne
 23917 | Spider:2 | Reached skill level 13 in Conjurations
 23952 | Spider:2 | Killed from afar by Asterion

Illustrated notes

Levels and vault maps discovered:
D:1:      dpeg_arrival_pits, layout_loops_corners
D:2:      layout_rooms, shapermc_ecumenical_altar_acropolis, serial_shops,
          nicolae_shop_peninsula, uniq_terence
D:3:      layout_loops_corners, serial_shops, nicolae_shop_trees,
          nicolae_shop_pleasant_corner_grove
D:4:      minmay_spotlight, layout_rooms, gup_ossuary_entry_pyramid, uniq_pargi
D:5:      layout_basic, mainiacjoe_overflow_surrounded_room,
          minmay_temple_entry_water_ring, uniq_sigmund
D:6:      layout_loops_corners, minitemple, mainiacjoe_overflow_24_doors,
          gammafunk_temple_overflow_pools
D:7:      layout_cave_pools, minmay_misc_feat_plants
D:8:      layout_basic, erik_lair_orcish_takeover, uniq_maurice
D:9:      layout_rooms, elyvilon_altar_4, vehumet_statue,
          kennysheep_orc_monster_closet_entryway, ebering_ghost_inner_flame
D:10:     layout_rooms
D:11:     layout_loops_cross, gauntlet_entry_generic, dk_noncrumbling_4,
          item_on_display_a
D:12:     layout_loops_cross
D:13:     layout_roguey, david_vaults_2, grunt_ministairs_11
Lair:1:   layout_cave_pods, maelrawn_ghost_gauntlet_escape
Lair:2:   layout_loops_ring, dummy_spider_entry, worms_lemuel,
          serial_bayou_shore_a, grunt_megastairs_1
Lair:3:   nzn_winding_woodlands_stair_cross [nzn_winding_woodlands_5x15_parted,
          nzn_winding_woodlands_center_lodge, nzn_winding_woodlands_5x15_jagged,
          nzn_winding_woodlands_hourglass,
          nzn_winding_woodlands_5x5_checkerboard,
          nzn_winding_woodlands_5x15_river_crossing,
          nzn_winding_woodlands_center_diamonds,
          nzn_winding_woodlands_5x15_default], layout_big_grid,
          skrybe_swamp_entry_bodies, nicolae_lair_grove_arrangements,
          minivault_11, dreamdust_deal_with_the_devil, guppyfry_lair_drakes
Lair:4:   layout_loops_ring, portal_ice_cave_entry_ice_simulacra
Lair:5:   evilmike_catoblepas_cave, layout_gridlike,
          nicolae_slime_entry_field_trip, chequers_serial_rivers_large_b,
          nicolae_lair_run_with_the_wolves
Spider:1: layout_spider_delve, uniq_agnes
Spider:2: layout_spider_delve, uniq_asterion, uniq_aizul, uniq_arachne,
          uniq_roxanne
Orc:1:    layout_diamond_mine
Orc:2:    st_orc_elflike, layout_diamond_mine, mines4_lemuel

Skill      XL: |  1  2  3  4  5  6  7  8  9 10 11 12 13 14 |
---------------+-------------------------------------------+-----
Spellcasting   | 2 3 4 5 6 7 8 |  8.6
Dodging        | 2 |  2.1
Conjurations   | 4 5 6 7 8 9 10 11 12 13 | 13.0
Fighting       | 1 2 3 4 5 6 7 8 |  8.7
Armour         | 1 2 3 4 5 6 7 |  7.8
Ranged Weapons | 1 2 3 5 6 7 |  7.3
Shields        | 2 5 6 7 8 |  8.3
Summonings     | 1 3 4 6 7 |  7.6
Air Magic      | 3 |  3.0
Ice Magic      | 2 4 6 |  6.9
Earth Magic    | 3 5 |  5.7
Evocations     | 1 2 |  2.9
Fire Magic     | 3 |  3.5
Stealth        | |  1.8

Action                     |  1- 3 |  4- 6 |  7- 9 | 10-12 | 13-15 || total
---------------------------+-------+-------+-------+-------+-------++-------
  Melee: Unarmed           |     6 |       |       |       |       ||     6
         Whip              |     9 |       |       |       |       ||     9
         Dagger            |     6 |     4 |     3 |       |       ||    13
         Hand axe          |       |       |       |    15 |       ||    15
         Staff             |       |       |       |    22 |    19 ||    41
   Fire: Sling             |     2 |       |       |       |       ||     2
         Longbow           |       |    24 |    20 |     3 |       ||    47
  Throw: Javelin           |     3 |       |       |       |       ||     3
   Cast: Magic Dart        |    44 |    23 |   105 |   194 |   384 ||   750
         Searing Ray       |     5 |    25 |    45 |   115 |   156 ||   346
         Iskenderun's Batt |       |     5 |    31 |    66 |   100 ||   202
         Iskenderun's Myst |       |       |       |    29 |    26 ||    55
         Freezing Cloud    |       |       |       |    20 |    50 ||    70
         Iron Shot         |       |       |       |     2 |     5 ||     7
         Spellforged Servi |       |       |       |       |     1 ||     1
         Frozen Ramparts   |       |       |       |       |     3 ||     3
  Evoke: Wand              |       |       |       |       |     1 ||     1
    Use: Scroll            |     6 |     2 |    17 |    12 |     6 ||    43
         Potion            |       |       |     1 |     3 |     3 ||     7
   Stab: Sleeping          |     2 |       |       |       |       ||     2
 Armour: Robe              |     3 |       |       |       |       ||     3
         Leather armour    |     3 |    18 |    25 |    72 |   113 ||   231
         Ring mail         |     4 |     2 |       |    18 |    27 ||    51
  Dodge: Dodged            |    16 |    39 |    53 |   155 |   258 ||   521
  Block: Buckler           |       |       |       |    78 |   179 ||   257
